 Dungeon Crawl Stone Soup version 0.28.0-53-g5a82cb258f (webtiles) character file.

Game seed: 4193508000329223212

3 moldycheese5 the Skirmisher (level 1, -2/18 HPs)
             Began as a Demonspawn Abyssal Knight on June 17, 2022.
             Was an Initiate of Lugonu.
             Slain by a kobold
             ... wielding a +0 short sword
              (4 damage)
             ... on level 1 of the Dungeon.
             The game lasted 00:00:13 (59 turns).

moldycheese5 the Skirmisher (DsAK)                    Turns: 59, Time: 00:00:14

Health: -2/18      AC:  3    Str: 13    XL:     1   Next: 41%
Magic:  2/2        EV: 11    Int: 11    God:    Lugonu [......]
Gold:   11         SH:  0    Dex: 13    Spells: 0/0 levels left

rFire   . . .      SeeInvis .   a - +1 falchion
rCold   . . .      Faith    .   (no shield)
rNeg    . . .      Spirit   .   b - +0 leather armour
rPois   .          Reflect  .   (no helmet)
rElec   .          Harm     .   (no cloak)
rCorr   .          Rampage  .   (no gloves)
Will    .....                   (no boots)
Stlth   +.........              (no amulet)
HPRegen 0.06/turn               (no ring)
MPRegen 0.08/turn               (no ring)

@: no status effects
A: no striking features
a: Renounce Religion


You were on level 1 of the Dungeon.
You worshipped Lugonu.
Lugonu was noncommittal.
You visited 1 branch of the dungeon, and saw 1 of its levels.
You visited the Abyss 1 time.

You collected 11 gold pieces.

Inventory:

Hand Weapons
 a - a +1 falchion (weapon)
Armour
 b - a +0 leather armour (worn)


   Skills:
 + Level 3.1 Fighting
 + Level 1.7 Long Blades
 + Level 1.7 Armour
 + Level 0.8 Dodging
 + Level 2.5 Invocations


You couldn't memorise any spells.
You didn't know any spells.
Your spell library was empty.

Dungeon Overview and Level Annotations

Branches:
Dungeon (1/15)

Altars:


Message History

You closely miss the bat. The bat closely misses you.
The goblin barely misses you. The bat barely misses you.
The ball python bites you. The ball python barely misses you.
The bat hits you but does no damage. x2
The ball python bites you but does no damage.
The ball python closely misses you. The bat closely misses you.
The bat hits you but does no damage. The bat closely misses you.
The kobold throws a stone.
The stone closely misses you. The bat hits you but does no damage.
The bat hits you. The bat misses you.
You barely miss the bat. The bat hits you but does no damage. The bat hits you.
You closely miss the bat. Your punch misses the bat. The bat barely misses you.
The bat hits you but does no damage.
You slash the bat!
You kill the bat!
Lugonu accepts your kill.
You closely miss the quokka.
The quokka bites you but does no damage.
The quokka barely misses you.
You hit the quokka but do no damage. The quokka bites you.
* * * LOW HITPOINT WARNING * * *
You closely miss the quokka.
The quokka bites you but does no damage. x2
You closely miss the quokka. The quokka barely misses you.
You slash the quokka!
You kill the quokka!
Lugonu accepts your kill. The ball python misses you.
The ball python closely misses you.
You slash the ball python!
You kill the ball python!
Lugonu accepts your kill. The kobold barely misses you.
You closely miss the kobold.
The kobold hits you with a +0 short sword.
* * * LOW HITPOINT WARNING * * *
You hit the kobold.
The kobold is moderately wounded.
The kobold hits you with a +0 short sword.
You die...

. ∩.r#.###......#
.............(..#
.....#$##.......#
..∩.............#
..........##.J..#
..........##Bgg)#
..∩.##...B###r###
... ......# #K#
.. ###...## #@# .
....# #.# ......
..# ####


You could see an endoplasm, a quokka, a giant cockroach, 2 goblins and a kobold.

Vanquished Creatures
  A quokka (D:1)
  A ball python (D:1)
  A bat (D:1)
  A rat (D:1)
4 creatures vanquished.

Notes
Turn   | Place    | Note
-------+----------+-------------------------------------------
     0 | Abyss:1  | moldycheese5 the Demonspawn Abyssal Knight began the quest
                  | for the Orb.
     0 | Abyss:1  | Reached XP level 1. HP: 18/18 MP: 2/2
     0 | D:1      | Escaped the Abyss
    59 | D:1      | Slain by a kobold

Illustrated notes

Levels and vault maps discovered:
D:1:      dpeg_arrival_ratfight, layout_loops_ring,
          hellmonk_ecumenical_altar_arch_garden, serial_shops,
          nicolae_shop_behind_doors

Action                   || total
-------------------------++-------
Melee: Falchion          ||    16
Invok: Depart the Abyss  ||     1
Armor: Leather armour    ||    17
Dodge: Dodged            ||    23
